 Dungeon Crawl Stone Soup version 0.32-a0-12-g7fc57aa741 (webtiles) character file.

Game seed: 12290644359647210212

888 oldriver the Magician (level 7, -10/52 HPs)
             Began as a Demonspawn Fire Elementalist on Jan 15, 2024.
             Mangled by a gnoll sergeant
             ... wielding a +1 trident of venom
              (12 damage)
             ... on level 5 of the Dungeon.
             The game lasted 00:06:03 (5205 turns).

oldriver the Magician (DsFE)                        Turns: 5205, Time: 00:06:04

Health: -10/52     AC: 10    Str:  9    XL:     7   Next: 77%
Magic:  12/15      EV: 12    Int: 17    God:
Gold:   217        SH:  0    Dex: 16    Spells: 14/17 levels left

rFire   . . .        n - +0 dagger (freeze)
rCold   . . .        (no shield)
rNeg    . . .        a - +0 robe
rPois   +            (no helmet)
rElec   +            g - +1 cloak
rCorr   .            f - +1 pair of gloves
SInv    .            (no boots)
Will    .....        t - amulet of Pride {RegenMP -Tele rElec rPois Dex+3}
Stlth   ++           e - ring of poison resistance
HPRegen 0.28/turn    q - +4 ring of protection
MPRegen 0.54/turn

%: no teleportation
@: weakened, very slightly contaminated
A: claws 1, hooves 1, demonic magic 1, weakness stinger 1
a: no special abilities


You were on level 5 of the Dungeon.
You visited 1 branch of the dungeon, and saw 5 of its levels.

You collected 217 gold pieces.

Inventory:

Hand Weapons
 n - a +0 dagger of freezing (weapon)
Armour
 a - a +0 robe (worn)
 d - a +0 ring mail of fire resistance
 f - a +1 pair of gloves (worn)
 g - a +1 cloak (worn)
 i - an orb of light
Jewellery
 e - a ring of poison resistance (left hand)
 o - a ring of wizardry
 q - a +4 ring of protection (right hand)
 t - the amulet of Pride (around neck) {RegenMP -Tele rElec rPois Dex+3}
   (You found it on level 3 of the Dungeon)

   [amulet of magic regeneration]

   RegenMP:   It increases your rate of magic regeneration.
   Dex+3:     It affects your dexterity (+3).
   rElec:     It insulates you from electricity.
   rPois:     It protects you from poison -Tele: It prevents most forms of
   teleportation.
 v - a ring of wizardry
 x - a ring of flight
Scrolls
 c - a scroll of revelation
 h - a scroll of amnesia
 p - a scroll of blinking {unknown}
Potions
 b - a potion of magic
 j - 3 potions of invisibility
 k - a potion of heal wounds {unknown}
 m - a potion of berserk rage {unknown}
 r - a potion of degeneration {unknown}
 s - a potion of ambrosia {unknown}
 u - 2 potions of brilliance
 w - a potion of cancellation {unknown}
 z - 2 potions of mutation {unknown}
 A - 2 potions of attraction {unknown}


   Skills:
 + Level 3.4 Fighting
 - Level 1.7 Dodging
 - Level 1.7 Stealth
 * Level 5.5 Spellcasting
 + Level 4.0 Conjurations
 + Level 4.5 Fire Magic


You had 14 spell levels left.
You knew the following spells:

 Your Spells              Type           Power      Damage    Failure   Level
a - Foxfire               Conj/Fire      76%        2x1d7     2%          1
b - Scorch                Fire           40%        2d6       3%          2

Your spell library contained the following spells:

 Spells                   Type           Power      Damage    Failure   Level
 Magic Dart               Conj           72%        1d6       2%          1
 Searing Ray              Conj           36%        2d5       4%          2
 Inner Flame              Hex/Fire       12%        N/A       16%         3
 Volatile Blastmotes      Fire/Tloc      24%        2d12      16%         3
 Flame Wave               Conj/Fire      19%        2d7       24%         4
 Gell's Gravitas          Tloc           4%         N/A       38%         3
 Teleport Other           Tloc           4%         N/A       38%         3
 Fulminant Prism          Conj/Alch      5%         3d7       52%         4
 Dispersal                Tloc           2%         N/A       100%        6


Dungeon Overview and Level Annotations

Branches:
Dungeon (5/15)
 Temple: D:4-7

Altars:
Fedhas

Shops:
D:1 (   D:3 (

Annotations:
D:5 1 transporter, OldManVictorn's ghost, weakling GrDe


Innate Abilities, Weirdness & Mutations

You have sharp fingernails.
You have large cloven feet.
Spells you cast may paralyse adjacent enemies.
You have a small tail.


Message History

You hear a shout!
Unknown command.
You conjure some foxfire!
Malevolent energies surge around you.
The gnoll suddenly stops moving!
The gnoll bouda barks out a call to the hunt!
The gnoll barely misses you. The gnoll sergeant misses you.
Unknown command.
You conjure some foxfire!
Malevolent energies surge around you.
The foxfire hits the gnoll.
The gnoll is burned terribly!
The gnoll is severely wounded.
The foxfire hits the gnoll.
The gnoll is lightly wounded.
The gnoll sergeant completely misses you.
The gnoll zaps a wand.
You struggle to resist.
The gnoll sergeant hits you but does no damage.
You conjure some foxfire!
Malevolent energies surge around you.
The gnoll is no longer more vulnerable to fire.
The foxfire hits the gnoll sergeant but does no damage.
The foxfire hits the gnoll sergeant.
The gnoll sergeant is lightly wounded.
The gnoll bouda gazes fiercely through you!
You feel your attacks grow feeble.
The gnoll sergeant hits you from afar with a +4 vampiric trident!
The gnoll sergeant hits you from afar with a +1 trident of venom!
You are too injured to fight recklessly!
Unknown command.
As you read the scroll labelled POFEID YWERAUP, it crumbles to dust.
Your body is wracked with pain!
* * * LOW HITPOINT WARNING * * *
The gnoll sergeant convulses!
The gnoll convulses!
The gnoll bouda convulses!
The gnoll sergeant convulses!
The gnoll convulses! x2
It was a scroll of torment.
The foxfire hits the gnoll sergeant.
The gnoll sergeant is heavily wounded.
The foxfire hits the gnoll bouda.
The gnoll bouda is heavily wounded.
The gnoll sergeant hits you from afar with a +4 vampiric trident!
* * * LOW HITPOINT WARNING * * *
The gnoll sergeant draws strength from your wounds!
The gnoll sergeant hits you from afar with a +1 trident of venom!
You die...

....≈≈≈≈≈≈≈≈≈≈≈...≈≈≈≈≈≈≈≈≈≈≈..##
....≈≈≈≈≈≈≈≈≈≈≈...≈≈≈≈≈≈≈≈≈≈≈....
....≈≈#####...........#####≈≈....
....≈≈#.8.#.###.©.###.#.8.#≈≈....
....≈≈#...###.#####.###...#≈≈....
....≈≈###.......g.... ..###≈≈....
....≈≈.8#.######g## #.#8.≈≈....
....≈≈.##.#.⌠.#.g8#()$#.##.≈≈....
....~~.#..'...g.@⌠#:.$+ .#.~~.##+
....≈≈.##.#.⌠.#..8#W.$#.##.≈≈....
....≈≈.8 .######g######.#8.≈≈....
....≈≈###.......gg.gg...###≈≈....
#...≈≈#...###.#####g###...#≈≈....
#...≈≈#.8.#.###.©.###.#.8g#≈≈.#'#
#...≈≈#####...........#####≈≈.#..
#...≈≈≈≈≈≈≈≈≈≈≈≈~≈≈≈≈≈≈≈≈≈≈≈≈....
#...≈≈≈≈≈≈≈≈≈≈≈≈~≈≈≈≈≈≈≈≈≈≈≈≈....


You could see 2 gnoll sergeants, a gnoll bouda and 4 gnolls.

Vanquished Creatures
  2 ogres
  A bullfrog (D:4)
  Blork the orc (D:4)
  3 scorpions
  A bombardier beetle (D:5)
  3 hounds
  A sleepcap (D:5)
  5 iguanas
  3 gnolls (D:5)
  3 adders
  A white imp (D:5)
  2 ufetubi (D:3)
  2 dart slugs
  7 orcs
  4 ball pythons (D:1)
  3 bats
  3 endoplasms
  3 giant cockroaches
  3 goblins
  8 hobgoblins
  6 jackals
  4 kobolds
  3 quokkas
  3 rats
75 creatures vanquished.

Vanquished Creatures (collateral kills)
  9 foxfires
9 creatures vanquished.

Vanquished Creatures (others)
  378 foxfires
378 creatures vanquished.

Grand Total: 462 creatures vanquished

Notes
Turn   | Place    | Note
-------+----------+-------------------------------------------
     0 | D:1      | oldriver the Demonspawn Fire Elementalist began the quest
                  | for the Orb.
     0 | D:1      | Reached XP level 1. HP: 13/13 MP: 3/3
   496 | D:1      | Gained mutation: Spells you cast may paralyse adjacent
                  | enemies. [demonic ancestry]
   496 | D:1      | Reached XP level 2. HP: 19/19 MP: 0/5
   824 | D:1      | Found Imituyn's Antique Weapon Shop.
  1920 | D:2      | Discovered your monstrous ancestry.
  1920 | D:2      | Gained mutation: You have a small tail. [demonic ancestry]
  1920 | D:2      | Reached XP level 3. HP: 24/24 MP: 4/7
  1939 | D:2      | Learned a level 2 spell: Scorch
  3050 | D:3      | Reached skill level 3 in Spellcasting
  3152 | D:3      | Reached XP level 4. HP: 31/31 MP: 3/8
  3340 | D:3      | Identified the amulet of Pride {RegenMP -Tele rElec rPois
                  | Dex+3}
  3401 | D:3      | Found a faded altar of an unknown god.
  3495 | D:3      | Found Lisucot's Weapon Boutique.
  3578 | D:4      | Reached skill level 1 in Fighting
  3734 | D:4      | Noticed a bullfrog
  3739 | D:4      | Killed a bullfrog
  3740 | D:4      | Gained mutation: You have sharp fingernails. [demonic
                  | ancestry]
  3740 | D:4      | Reached XP level 5. HP: 36/37 MP: 6/10
  3958 | D:4      | Noticed Blork the orc
  3965 | D:4      | Killed Blork the orc
  3966 | D:4      | Reached skill level 4 in Spellcasting
  3966 | D:4      | Gained mutation: You have large cloven feet. [demonic
                  | ancestry]
  3966 | D:4      | Reached XP level 6. HP: 37/44 MP: 6/12
  4196 | D:4      | Found a blossoming altar of Fedhas.
  4350 | D:5      | Entered Level 5 of the Dungeon
  4364 | D:5      | Found a transporter.
  4367 | D:5      | Identified the +4 ring mail "Tisi" {Str+4}
  4395 | D:5      | Reached XP level 7. HP: 51/51 MP: 10/14
  4617 | D:5      | Noticed OldManVictorn's ghost (weakling GrDe)
  4690 | D:5      | Reached skill level 5 in Spellcasting
  4847 | D:5      | Found a transporter.
  5205 | D:5      | HP: 2/52 [gnoll sergeant/+4 vampiric trident (11)]
  5205 | D:5      | Mangled by a gnoll sergeant

Illustrated notes

Levels and vault maps discovered:
D:1:      dpeg_arrival_brainrot, layout_loops_ring, serial_shops, shop,
          dreamdust_mushroom_princess, minmay_pentomino_r4
D:2:      layout_loops_corners
D:3:      layout_rooms, basic_ecumenical_altar, serial_shops,
          nicolae_shop_temple_entry_statues_fountains, small_statue_intersection
D:4:      layout_loops_cross, fedhas_altar_1, uniq_blork_the_orc
D:5:      layout_gridville, gammafunk_ghost_gnarly_gnolls,
          kennysheep_generic_room_12

Skill      XL: |  1  2  3  4  5  6  7 |
---------------+----------------------+-----
Fire Magic     | 3 4 |  4.5
Spellcasting   | 3 4 5 |  5.5
Conjurations   | 2 3 4 |  4.0
Fighting       | 1 2 3 |  3.4
Dodging        | |  1.7
Stealth        | |  1.7

Action                     |  1- 3 |  4- 6 |  7- 9 || total
---------------------------+-------+-------+-------++-------
  Melee: Unarmed           |     9 |       |       ||     9
         Dagger            |       |     1 |       ||     1
   Cast: Foxfire           |   113 |    73 |    53 ||   239
         Scorch            |       |    14 |    16 ||    30
    Use: Scroll            |       |     9 |     1 ||    10
   Stab: Paralysed         |     2 |     1 |       ||     3
 Armour: Robe              |     8 |     8 |     9 ||    25
  Dodge: Dodged            |    13 |     4 |     8 ||    25

Table legend: (Time is in decaauts)
 A = Elapsed time spent in this place.
 B = Non-inter-level travel time spent in this place.
 C = Inter-level travel time spent in this place.
 D = Time resting spent in this place.
 E = Time spent auto-exploring this place.
 F = Levels seen in this place.
 G = Mean time per level.
                   A        B        C        D        E       F      G
               +--------+--------+--------+--------+--------+-----+--------+
         Total |   5205 |   5023 |    182 |    409 |   3962 |   5 | 1041.0 |
       Dungeon |   5205 |   5023 |    182 |    409 |   3962 |   5 | 1041.0 |
               +--------+--------+--------+--------+--------+-----+--------+

Top non-repeatable levels by time:
     D:1: 1732 daAuts
     D:2: 1179 daAuts
     D:5: 857 daAuts
     D:4: 776 daAuts
     D:3: 660 daAuts
